 Dungeon Crawl Stone Soup version 0.26.1-2-gb8aa6d0cf2 (console) character file.

Game seed: 17264154959355027283

168 om the Firebug (level 5, -2/29 HPs)
             Began as a Gargoyle Fire Elementalist on Feb 23, 2021.
             Killed from afar by Sigmund (12 damage)
             ... with a puff of flame
             ... on level 4 of the Dungeon.
             The game lasted 00:09:38 (4655 turns).

om the Firebug (Gargoyle Fire Elementalist)         Turns: 4655, Time: 00:09:38

Health: -2/29      AC:  9    Str: 12    XL:     5   Next: 49%
Magic:  8/8        EV: 13    Int: 22    God:
Gold:   93         SH:  0    Dex: 16    Spells: 8/9 levels left

rFire    . . .     SeeInvis .   h - +0 club
rCold    . . .     Faith    .   (no shield)
rNeg     + . .     Spirit   .   a - +1 robe
rPois    ∞         Reflect  .   l - +0 helmet
rElec    +         Harm     .   p - +0 cloak
rCorr    .         Rampage  .   (no gloves)
Will     .....                  (no boots)
Stlth    ++........             (no amulet)
HPRegen  0.09/turn              e - +6 ring of dexterity
MPRegen  0.11/turn              q - +6 ring of intelligence

@: no status effects
A: negative energy resistance 1, electricity resistance, unbreathing,
petrification resistance, miasma immunity, AC +4
a: no special abilities


You were on level 4 of the Dungeon.
You visited 1 branch of the dungeon, and saw 4 of its levels.

You collected 93 gold pieces.

Inventory:

Hand Weapons
 h - a +0 club (weapon)
Armour
 a - a +1 robe (worn)
 l - a +0 helmet (worn)
 p - a +0 cloak (worn)
Jewellery
 e - a +6 ring of dexterity (left hand)
 k - an uncursed ring of see invisible
 q - a +6 ring of intelligence (right hand)
Wands
 j - a wand of disintegration (10)
Scrolls
 c - 3 scrolls of amnesia
 f - 4 scrolls of remove curse
 i - a scroll of teleportation
 m - a scroll of blinking {unknown}
 r - 2 scrolls of enchant armour
 s - a scroll of immolation {unknown}
 t - a scroll of fog {unknown}
 v - a scroll of fear
 x - a scroll of enchant weapon {unknown}
Potions
 b - 2 potions of curing
 d - a potion of brilliance {unknown}
 g - 2 potions of magic
 n - a potion of lignification {unknown}
 o - a potion of resistance {unknown}
 u - a potion of degeneration {unknown}
 w - a potion of attraction {unknown}


   Skills:
 + Level 1.5 Fighting
 * Level 1.6 Maces & Flails
 + Level 2.2 Dodging
 + Level 2.9 Stealth
 + Level 2.6 Spellcasting
 + Level 2.3 Conjurations
 + Level 3.7 Fire Magic


You had 8 spell levels left.
You knew the following spells:

 Your Spells              Type           Power        Failure   Level
a - Foxfire               Conj/Fire      64%          3%          1

Your spell library contained the following spells:

 Spells                   Type           Power        Failure   Level
 Conjure Flame            Conj/Fire      16%          11%         3
 Inner Flame              Hex/Fire       11%          19%         3
 Sticky Flame             Conj/Fire      16%          36%         4
 Fireball                 Conj/Fire      8%           71%         5


Dungeon Overview and Level Annotations

Branches:
Dungeon (4/15)
 Temple: D:4-7

Altars:
Kikubaaqudgha
Qazlal
Ru

Annotations:
D:1 Terence
D:4 Sigmund


Innate Abilities, Weirdness & Mutations

You are resistant to torment.
Your stone body is resilient. (AC +4)
You are immune to poison.
You resist negative energy. (rN+)
You are resistant to electric shocks. (rElec)
You can survive without breathing.
You are immune to petrification.
You are immune to miasma.


Message History

Casting: Foxfire (safe; 4% risk of failure)
Press: ? - help, Q - select action, (/) - cycle Dir - look around, f - activate You conjure some foxfire!
The scorpion stings you.
* * * LOW HITPOINT WARNING * * *
Your foxfire dissipates!
The foxfire hits the scorpion!
You kill the scorpion!
You start resting.
You hear the slow hiss of a distant avalanche of sand.
You start resting.
Magic restored.
You start resting.
You hear the hiss of a distant avalanche of sand.
Sigmund the Dreaded comes into view.
He is wielding a +0 scythe.
Sigmund shouts!
Sigmund moves out of view.
Sigmund gestures at you while chanting. The puff of flame hits you!
You die...

. ..@ #...######
#...@..## ######..#
##.# ####### ##.######
#.....####.†.....#
##..........##....#
#..#....########.#....
# #.#..## ......
#..#...# #....
##...### ### #...#


You could see Sigmund.

Vanquished Creatures
  A scorpion (D:4)
  A bullfrog skeleton (D:4)
  A worker ant (D:4)
  2 adders (D:3)
  2 leopard geckos
  An orc (D:3)
  A ball python (D:3)
  5 giant cockroaches
  4 hobgoblins
  6 kobolds
  A quokka (D:3)
  9 bats
  5 frilled lizards
  7 goblins
  8 rats
54 creatures vanquished.

Vanquished Creatures (others)
  163 foxfires
163 creatures vanquished.

Grand Total: 217 creatures vanquished

Notes
Turn   | Place    | Note
-------+----------+-------------------------------------------
     0 | D:1      | om the Gargoyle Fire Elementalist began the quest for the
                  | Orb.
     0 | D:1      | Reached XP level 1. HP: 10/10 MP: 3/3
   290 | D:1      | Reached XP level 2. HP: 15/15 MP: 1/5
  1592 | D:2      | Noticed Terence
  1599 | D:2      | Reached XP level 3. HP: 13/20 MP: 0/6
  3101 | D:3      | Found a sacrificial altar of Ru.
  3513 | D:3      | Found a stormy altar of Qazlal.
  3968 | D:3      | Reached XP level 4. HP: 24/24 MP: 5/7
  4259 | D:3      | Found an ancient bone altar of Kikubaaqudgha.
  4365 | D:3      | Reached skill level 1 in Fighting
  4525 | D:4      | Reached skill level 1 in Maces & Flails
  4526 | D:4      | Reached XP level 5. HP: 18/29 MP: 1/8
  4558 | D:4      | HP: 1/29 [scorpion (2)]
  4654 | D:4      | Noticed Sigmund
  4655 | D:4      | Killed from afar by Sigmund

Illustrated notes

Levels and vault maps discovered:
D:1:      onia_arrival_pentagram, layout_loops_corners,
          minmay_misc_feat_columns, minmay_indecisive_spiral
D:2:      layout_loops_ring, uniq_terence
D:3:      layout_rooms, lemuel_round_altar, nicolae_overflow_hidden_temple,
          lemuel_crystal_altar, serial_co_window_serial, co_window_paths_a,
          co_window_paths_b, co_window_paths_a, co_window_paths_a,
          co_window_of_opportunity_a, co_window_corner_a,
          co_window_of_opportunity_a, co_window_paths_b, co_window_corner_a,
          co_window_cross_2, co_window_broadway_a, co_window_of_opportunity_c,
          co_window_broadway_b, co_window_corner_b, glass_columns_a
D:4:      layout_rooms, old_standard_altar, nicolae_ossuary_entry_monument,
          hangedman_decor_slide_cut, uniq_sigmund

Skill      XL: |  1  2  3  4 |
---------------+-------------+-----
Dodging        | 2 |  2.2
Conjurations   | 2 |  2.3
Fighting       | 1 |  1.5
Maces & Flails | 1 |  1.6
Stealth        | |  2.9
Spellcasting   | |  2.6
Fire Magic     | |  3.7

Action                   |  1- 3 |  4- 6 || total
-------------------------+-------+-------++-------
Melee: Unarmed           |     4 |       ||     4
       Short sword       |    23 |       ||    23
       Club              |    69 |    24 ||    93
 Cast: Foxfire           |    80 |    20 ||   100
  Use: Scroll            |     7 |     2 ||     9
       Potion            |       |     1 ||     1
 Stab: Sleeping          |     3 |       ||     3
Armor: Robe              |    46 |    11 ||    57
Dodge: Dodged            |    98 |    25 ||   123
